 Dungeon Crawl Stone Soup version 0.19.1 (webtiles) character file.

11725 M4edhros the Basher (level 11, -5/69 HPs)
             Began as an Octopode Chaos Knight on Dec 26, 2016.
             Slain by a white ugly thing (33 damage)
             ... on level 11 of the Dungeon.
             The game lasted 00:31:19 (53376 turns).

M4edhros the Basher (Octopode Chaos Knight)        Turns: 53376, Time: 00:31:20

Health: -5/69      AC:  1    Str: 12    XL:     11   Next: 82%
Magic:  11/11      EV: 21    Int: 13    God:    Xom [.....*]
Gold:   432        SH:  9    Dex: 16    Spells: 0 memorised, 10 levels left

rFire  . . .     SeeInvis .       - Unarmed
rCold  . . .     Gourm    +     i - +2 buckler {rN+}
rNeg   + . .     Faith    .     (helmet restricted)
rPois  .         Spirit   .     G - amulet of the gourmand
rElec  .         Reflect  .     (no ring)
rCorr  .         Harm     .     l - ring of protection from magic
MR     ++...                    j - ring of flight
Stlth  ++........               (no ring)
                                (no ring)
                                (no ring)
                                (no ring)
                                (no ring)

@: exhausted, about to teleport, slowed, very slow
A: almost no armour, stealthy swim, amphibious, 8 rings, constrict 8, repulsion
field 1, camouflage 1, agile 1, blink, dopey 1, frail 1, magic resistance 1,
sense surroundings 1, gelatinous body 1
a: Blink, Renounce Religion, Evoke Flight


You were on level 11 of the Dungeon.
You worshipped Xom.
You were Xom's teddy bear.
You were not hungry.

You visited 2 branches of the dungeon, and saw 12 of its levels.

You collected 597 gold pieces.
You spent 165 gold pieces at shops.

Inventory:

Hand Weapons
 d - a +0 dagger
 g - a +0 club
 m - a +0 dagger of chaos
Missiles
 o - 91 sling bullets
 u - 3 tomahawks of returning (quivered)
 v - 200 arrows
Armour
 i - a +2 buckler of positive energy (worn)
Jewellery
 c - an uncursed ring of fire
 h - an uncursed amulet of guardian spirit
 j - a ring of flight (on tentacle)
 l - a ring of protection from magic (right tentacle)
 q - an uncursed amulet of magic regeneration
 z - an uncursed ring of protection from fire {unknown}
 G - an amulet of the gourmand (around mantle)
Wands
 y - a wand of slowing (10/48)
 A - a wand of digging (11/24)
 B - a wand of teleportation (0/9)
 C - a wand of lightning (0/15)
 Q - a wand of digging (9/24)
Scrolls
 e - 11 scrolls of identify {unknown}
 f - 7 scrolls of remove curse
 k - 2 scrolls of amnesia {unknown}
 s - 2 scrolls of blinking
 t - 4 scrolls of teleportation
 w - 3 scrolls of fog {unknown}
 D - a scroll of fear {unknown}
 I - a scroll of summoning {unknown}
 J - a scroll of magic mapping {unknown}
 M - a scroll of silence {unknown}
Potions
 p - a potion of flight
 F - a potion of curing
 H - a potion of agility
 N - 2 potions of brilliance
 P - a potion of haste
 R - a potion of lignification
Books
 n - a book of Misfortune

   Spells                             Type                      Level
   a - Confusing Touch                Hexes                        1
   b - Confuse                        Hexes                        3
   c - Gell's Gravitas                Hexes/Translocation          3
   d - Petrify                        Transmutation/Earth          4
   e - Metabolic Englaciation         Hexes/Ice                    5
   f - Yara's Violent Unravelling     Hexes/Transmutation          5
Miscellaneous
 a - a fan of gales (inert)
 b - a phial of floods (inert)
Comestibles
 x - 2 meat rations
 E - 2 mutagenic chunks of flesh
 K - 10 royal jellies
 L - 3 fruits
 O - 2 bread rations


   Skills:
 + Level 7.9 Fighting
 - Level 10.6 Maces & Flails
 + Level 8.0 Dodging
 * Level 10.0 Shields
 - Level 5.4 Unarmed Combat


You had 10 spell levels left.
You didn't know any spells.

Dungeon Overview and Level Annotations

Branches:
Dungeon (11/15)            Temple (1/1) D:4            Lair (0/6) D:8
    Orc (0/2) D:11

Altars:
Ashenzari
Cheibriados
Dithmenos
Elyvilon
Fedhas
Gozag
Hepliaklqana
Kikubaaqudgha
Makhleb
Nemelex Xobeh
Okawaru
Qazlal
Ru
Sif Muna
Trog
Uskayaw
Vehumet
Xom
Yredelemnul
Zin
The Shining One

Shops:
D:5 :   D:6 !   D:7 [   D:10 (

Annotations:
D:3 kwasso's ghost, amateur KoHu
D:4 M4edhros's ghost, novice OpCK


Innate Abilities, Weirdness & Mutations

You cannot wear most types of armour.
You are very stealthy in the water. (Stealth+)
You are amphibious.
You can wear up to eight rings at the same time.
You can use your tentacles to constrict eight enemies at once.
Your skin changes colour to match your surroundings (Stealth+).
Your rubbery body absorbs attacks. (AC +1, EV +1)
You are surrounded by a mild repulsion field. (EV +2)
You are agile. (Dex +2)
You can translocate small distances at will.
You are dopey. (Int -2)
You are frail. (-10% HP)
You are resistant to hostile enchantments. (MR+)
You passively map a small area around you.


Message History

Your surroundings suddenly seem different.
Found a meat ration and a scroll labeled ACEAGOECWA.
Found an escape hatch in the floor.
Found a stone staircase leading up.
A leopard gecko comes into view.
Unknown command.
Unknown command.
Unknown command.
The leopard gecko hisses angrily.
The leopard gecko barely misses you.
Found 12 stones.
Evoke which item? (* to show all) (? for menu, Esc to quit)
Zapping:
B - a wand of teleportation {zapped: 1} (will waste charges)
Press: ? - help, Shift-Dir - straight line, f - you You feel strangely unstable.
Evoking this partially-identified wand wasted a few charges.
The leopard gecko barely misses you.
You feel much better. The leopard gecko closely misses you.
The white ugly thing gores you! The white ugly thing freezes you!!
You die...
Xom laughs nastily!

.........###....####
.............Y.....#######
.........######.##........
.........######.#.........
........................?|
##........###...........>.
,
...........<..#...........
#...####.######.u.........
, , #..# #.# #.@.........
#.. #.#* ##l........., ..,
#.. * * ..%........,, *
### *..#.###.####* * *
#.##?. >.# *.. ##.# #.# ,
, ,..# .# #.## , * .(. ,
.###..### , * * , #....%#


You could see a white ugly thing and a leopard gecko.

Vanquished Creatures
  Harold (D:10)
  An ugly thing (D:11)
  Maurice (D:8)
  Joseph (D:7)
  A hippogriff (D:9)
  Prince Ribbit (D:6)
  Menkaure (D:7)
  2 hell hounds (D:8)
  3 ice beasts
  2 sky beasts
  3 orc warriors
  3 centaurs
  3 ogres
  2 phantoms (D:5)
  2 wolves (D:8)
  A crocodile (D:9)
  A big kobold (D:8)
  5 bullfrogs
  4 scorpions
  4 killer bees (D:7)
  6 howler monkeys
  4 crimson imps
  2 centaur zombies
  A quasit (D:10)
  A bullfrog zombie (D:6)
  2 bullfrog skeletons
  4 orc priests
  5 hounds
  9 jellies
  3 iguanas
  Ijyb (D:3)
  Terence (D:3)
  3 orc wizards
  6 worker ants
  A killer bee zombie (D:8)
  2 worker ant zombies
  12 gnolls
  11 adders
  2 shadow imps
  7 oozes
  2 adder skeletons (D:7)
  6 dart slugs
  5 worms
  5 leopard geckos
  51 orcs
  8 bats
  4 giant cockroaches
  5 goblins
  14 hobgoblins
  14 jackals
  7 kobolds
  6 quokkas
  3 ball pythons
  5 frilled lizards
  A quokka skeleton (D:7)
  6 rats
267 creatures vanquished.

Vanquished Creatures (collateral kills)
  An orc wizard (D:5)
  A jelly (D:5)
  An orc (D:5)
  A hobgoblin (D:3)
4 creatures vanquished.

Vanquished Creatures (others)
  An orc (D:7)
  A plant (D:5)
2 creatures vanquished.

Grand Total: 273 creatures vanquished

Notes
Turn   | Place    | Note
-------+----------+-------------------------------------------
     0 | D:1      | M4edhros the Octopode Chaos Knight began the quest for the Orb.
     0 | D:1      | Reached XP level 1. HP: 16/16 MP: 1/1
   142 | D:1      | XOM: silly message
   637 | D:1      | XOM is BORED!
   637 | D:1      | XOM: harmless Divn miscast
   642 | D:1      | XOM: silly message
   837 | D:1      | Reached XP level 2. HP: 12/21 MP: 2/2
  1319 | D:1      | XOM: divination: detect items
  1620 | D:1      | XOM: 5-stop teleportation journey
  1732 | D:1      | XOM: give mutations
  1732 | D:1      | Gained mutation: Scrolls take you a little longer to read. [Xom's mischief]
  1732 | D:1      | Gained mutation: You are frail. (-10% HP) [Xom's mischief]
  1751 | D:1      | XOM: mild Necr miscast
  1757 | D:1      | Reached XP level 3. HP: 17/22 MP: 3/3
  2137 | D:2      | XOM is BORED!
  2137 | D:2      | XOM: mild Air miscast
  2170 | D:2      | HP: 1/22 [gnoll/halberd (7)]
  2170 | D:2      | XOM: butterfly on damage
  2196 | D:2      | Reached XP level 4. HP: 11/27 MP: 2/4
  2237 | D:2      | Reached skill level 5 in Unarmed Combat
  2258 | D:2      | XOM: give mutations
  2258 | D:2      | Gained mutation: Scrolls take you longer to read. [Xom's mischief]
  2258 | D:2      | Gained mutation: One of your tentacles bears a spike. [Xom's mischief]
  2258 | D:2      | Lost mutation: Scrolls take you longer to read. [Xom's mischief]
  2258 | D:2      | Gained mutation: Scrolls take you longer to read. [Xom's mischief]
  2514 | D:2      | Found a shattered altar of Ashenzari.
  3456 | D:2      | XOM: harmless Ice miscast
  3909 | D:2      | XOM: scenery: 1 doors open
  4006 | D:2      | XOM: give mutation
  4006 | D:2      | Gained mutation: You have a pair of small antennae on your head. [Xom's grace]
  4328 | D:2      | XOM: 2-stop teleportation journey
  4788 | D:2      | XOM: butterfly on damage
  5450 | D:2      | XOM: give mutations
  5450 | D:2      | Gained mutation: You possess an exceptional clarity of mind. [Xom's grace]
  5450 | D:2      | Gained mutation: Your flesh is cold resistant. (rC+) [Xom's grace]
  5652 | D:2      | XOM: god gift: club {god gift}
  5738 | D:2      | XOM: scenery: 1 doors open, 1 doors close
  5784 | D:2      | XOM: give mutations
  5784 | D:2      | Gained mutation: You can translocate small distances at will. [Xom's grace]
  5784 | D:2      | Gained mutation: You are agile. (Dex +2) [Xom's grace]
  5784 | D:2      | Gained mutation: You are partially covered in large bone plates. (SH +4) [Xom's grace]
  5795 | D:3      | Found a shadowy altar of Dithmenos.
  5874 | D:3      | XOM: 1-stop teleportation journey
  6024 | D:3      | Noticed Terence
  6028 | D:3      | Reached XP level 5. HP: 32/32 MP: 5/5
  6038 | D:3      | Killed Terence
  6166 | D:3      | XOM: give mutations
  6166 | D:3      | Gained mutation: Your spells are a little harder to cast, but a little more powerful. [Xom's grace]
  6166 | D:3      | Gained mutation: Your muscles are strong. (Str +2) [Xom's grace]
  6166 | D:3      | Lost mutation: You are frail. (-10% HP) [Xom's grace]
  6250 | D:3      | XOM: god gift: wooden ring {god gift}
  6975 | D:3      | Noticed Ijyb
  6985 | D:3      | Killed Ijyb
  6985 | D:3      | Reached skill level 1 in Maces & Flails
  6985 | D:3      | Reached skill level 1 in Shields
  7060 | D:3      | XOM: give mutation
  7060 | D:3      | Gained mutation: Your spells are harder to cast, but more powerful. [Xom's grace]
  7227 | D:3      | XOM: give mutations
  7227 | D:3      | Lost mutation: One of your tentacles bears a spike. [Xom's mischief]
  7227 | D:3      | Lost mutation: Your flesh is cold resistant. (rC+) [Xom's mischief]
  7227 | D:3      | Gained mutation: Your body sometimes deteriorates upon taking damage. [Xom's mischief]
  7576 | D:3      | Noticed kwasso's ghost (amateur KoHu)
  7706 | D:4      | Noticed M4edhros's ghost (novice OpCK)
  7744 | D:3      | XOM: noise
  7755 | D:3      | XOM: summons 3 friendly demons
  8295 | D:3      | XOM: 7-stop teleportation journey
  8451 | D:3      | XOM: blink monster(s)
  8459 | D:3      | Reached XP level 6. HP: 38/42 MP: 4/6
  8899 | D:3      | XOM: cast spell 'Hydra Form'
  9141 | D:3      | XOM: give mutation
  9141 | D:3      | Gained mutation: You are frail. (-10% HP) [Xom's mischief]
  9155 | D:3      | Found an opulent altar of Gozag.
  9346 | D:3      | XOM: give mutations
  9346 | D:3      | Gained mutation: Your flesh is heat resistant. (rF+) [Xom's grace]
  9346 | D:3      | Gained mutation: Your mind is acute. (Int +2) [Xom's grace]
  9346 | D:3      | Lost mutation: You are frail. (-10% HP) [Xom's grace]
  9346 | D:3      | Lost mutation: Scrolls take you longer to read. [Xom's grace]
  9346 | D:3      | Lost mutation: Scrolls take you a little longer to read. [Xom's grace]
  9346 | D:3      | Gained mutation: You have supernaturally acute eyesight. (SInv) [Xom's grace]
  9604 | D:3      | XOM is BORED!
  9604 | D:3      | XOM: medium Ice miscast
  9695 | D:3      | XOM: divination: magic mapping
 10021 | D:3      | XOM: scenery: 1 doors close
 10341 | D:4      | XOM: 1-stop teleportation journey
 10350 | D:4      | XOM: divination: magic mapping
 10429 | D:4      | XOM: butterfly on damage
 11293 | D:4      | XOM: scenery: create altars
 11493 | D:4      | XOM: mild Conj miscast
 11776 | D:4      | XOM is BORED!
 11776 | D:4      | XOM: mild Necr miscast
 11804 | D:4      | XOM: god gift: 16 arrows
 11942 | D:4      | XOM: medium Divn miscast
 12352 | D:4      | Found a staircase to the Ecumenical Temple.
 12356 | Temple   | Entered the Ecumenical Temple
 12965 | Temple   | XOM: severe Conj miscast
 13129 | Temple   | XOM: give mutations
 13129 | Temple   | Lost mutation: Your mind is acute. (Int +2) [Xom's mischief]
 13129 | Temple   | Lost mutation: Your body sometimes deteriorates upon taking damage. [Xom's mischief]
 13142 | Temple   | XOM: 1-stop teleportation journey
 13349 | Temple   | XOM: noise
 13430 | Temple   | XOM: give mutations
 13430 | Temple   | Gained mutation: One of your tentacles bears a spike. [Xom's grace]
 13430 | Temple   | Gained mutation: You are somewhat resistant to further mutation. [Xom's grace]
 13602 | Temple   | XOM: stat loss: -1 Int (13/15)
 13608 | Temple   | XOM: harmless Tloc miscast
 13642 | Temple   | XOM: god gift: scroll labeled KEYPSOHUATT {god gift}
 14647 | Temple   | XOM: god gift: bubbling grey potion {god gift}
 15123 | Temple   | XOM is BORED!
 15123 | Temple   | XOM: stat loss: -2 Str (9/13)
 15417 | Temple   | XOM: harmless Air miscast
 15835 | Temple   | XOM: 2-stop teleportation journey
 16380 | Temple   | XOM: god gift: fan of gales
 16863 | Temple   | XOM is BORED!
 16863 | Temple   | XOM: summons 3 hostile demons
 17103 | Temple   | XOM: 2-stop teleportation journey
 17544 | Temple   | XOM: cast spell 'Spider Form'
 18352 | Temple   | XOM: give mutations
 18352 | Temple   | Lost mutation: One of your tentacles bears a spike. [Xom's mischief]
 18352 | Temple   | Lost mutation: Your muscles are strong. (Str +2) [Xom's mischief]
 18352 | Temple   | Gained mutation: Your body sometimes deteriorates upon taking damage. [Xom's mischief]
 18352 | Temple   | Lost mutation: Your spells are harder to cast, but more powerful. [Xom's mischief]
 18720 | Temple   | XOM is BORED!
 18720 | Temple   | XOM: give mutation
 18720 | Temple   | Lost mutation: Your spells are a little harder to cast, but a little more powerful. [Xom's mischief]
 19519 | Temple   | XOM: god gift: sapphire potion {god gift}
 19584 | Temple   | XOM: 2-stop teleportation journey
 19620 | Temple   | XOM: god gift: 3 tomahawks of returning
 19692 | Temple   | XOM: give mutations
 19692 | Temple   | Gained mutation: Your flesh is cold resistant. (rC+) [Xom's grace]
 19692 | Temple   | Gained mutation: Your muscles are strong. (Str +2) [Xom's grace]
 19692 | Temple   | Gained mutation: You are resistant to hostile enchantments. (MR+) [Xom's grace]
 19949 | Temple   | XOM: divination: detect creatures
 20876 | Temple   | XOM: give mutations
 20876 | Temple   | Lost mutation: Your flesh is cold resistant. (rC+) [Xom's mischief]
 20876 | Temple   | Gained mutation: Your body often deteriorates upon taking damage. [Xom's mischief]
 21349 | Temple   | XOM: 6-stop teleportation journey
 21829 | D:4      | Reached XP level 7. HP: 39/46 MP: 4/7
 21844 | D:4      | XOM: scenery: create altars
 21853 | D:5      | Entered Level 5 of the Dungeon
 21910 | D:4      | XOM: god gift: potion of curing
 22325 | Temple   | XOM: cloud trail
 22504 | Temple   | XOM: harmless Pois miscast
 22536 | Temple   | XOM: harmless Pois miscast
 22905 | Temple   | XOM: god gift: scroll of teleportation
 22922 | Temple   | XOM: give mutations
 22922 | Temple   | Lost mutation: You possess an exceptional clarity of mind. [Xom's mischief]
 22922 | Temple   | Lost mutation: You are somewhat resistant to further mutation. [Xom's mischief]
 22922 | Temple   | Lost mutation: Your body often deteriorates upon taking damage. [Xom's mischief]
 22922 | Temple   | Gained mutation: You occasionally shout uncontrollably at your foes. [Xom's mischief]
 23065 | Temple   | XOM: severe Tmut miscast
 23138 | Temple   | XOM: severe Divn miscast
 23222 | D:5      | XOM: draining
 23652 | D:5      | XOM: harmless Hex miscast
 23698 | D:5      | XOM: give mutation
 23698 | D:5      | Lost mutation: You can translocate small distances at will. [Xom's mischief]
 23746 | D:5      | Found Caysev's Book Shoppe.
 23992 | D:5      | XOM: scenery: create altars
 24473 | D:5      | XOM: harmless Hex miscast
 24629 | D:5      | XOM: silly message
 24684 | D:5      | Reached XP level 8. HP: 53/53 MP: 8/8
 24833 | D:5      | Found a hazy altar of Hepliaklqana.
 24882 | D:5      | XOM: summons friendly shadow imp
 24883 | D:5      | XOM: scenery: create altars
 25072 | D:5      | XOM: medium Erth miscast
 25170 | D:5      | XOM: harmless Tloc miscast
 25183 | D:5      | XOM: mild Conj miscast
 25186 | D:5      | XOM: silly message
 25187 | D:5      | XOM: noise
 25206 | D:5      | XOM: enchant monster (bad)
 25216 | D:5      | Reached skill level 5 in Fighting
 25216 | D:5      | Reached skill level 5 in Shields
 25505 | D:5      | XOM: harmless Chrm miscast
 25615 | D:6      | Reached skill level 5 in Dodging
 25740 | D:6      | Noticed Prince Ribbit
 25742 | D:6      | XOM: confuse monster(s)
 25748 | D:6      | Found an iron altar of Okawaru.
 25757 | D:6      | Killed Prince Ribbit
 25757 | D:6      | Reached XP level 9. HP: 60/60 MP: 9/9
 25874 | D:6      | XOM: mild Air miscast
 25904 | D:6      | XOM: divination: magic mapping
 26031 | D:6      | Noticed a hand axe
 26192 | D:6      | Found Bum Beys's Distillery.
 26198 | D:6      | Bought 2 potions of heal wounds for 110 gold pieces
 26198 | D:6      | Bought a potion of heal wounds for 55 gold pieces
 26400 | D:6      | Found a hide-covered altar of Uskayaw.
 26400 | D:6      | Noticed a hand axe
 26410 | D:6      | XOM: blink monster(s)
 26637 | D:6      | XOM: medium Air miscast
 26972 | D:7      | Noticed Menkaure
 27224 | D:7      | Killed Menkaure
 27288 | D:7      | Found an ancient bone altar of Kikubaaqudgha.
 27289 | D:7      | Found a snail-covered altar of Cheibriados.
 27295 | D:7      | XOM: destruction
 27325 | D:7      | Lost mutation: You are partially covered in large bone plates. (SH +4) [mutagenic meat]
 27404 | D:7      | Noticed Joseph
 27430 | D:7      | Killed Joseph
 27885 | D:7      | Found a deep blue altar of Sif Muna.
 27885 | D:7      | Found a faded altar of an unknown god.
 27890 | D:7      | Found a faded altar of an unknown god.
 27892 | D:7      | Found a faded altar of an unknown god.
 27894 | D:7      | Found a faded altar of an unknown god.
 27923 | D:7      | Found Qoequzedd's Antique Armour Shoppe.
 27945 | D:7      | XOM: fog
 27954 | D:7      | Found a shimmering altar of Xom.
 28058 | D:7      | XOM: medium Air miscast
 28089 | D:7      | XOM: harmless Necr miscast
 28188 | D:7      | Gained mutation: Your flesh is cold resistant. (rC+) [potion of mutation]
 28188 | D:7      | Lost mutation: Your flesh is heat resistant. (rF+) [potion of mutation]
 28291 | D:4      | XOM: scenery: create altars
 28305 | Temple   | Gained mutation: You are robust. (+10% HP) [potion of mutation]
 28305 | Temple   | Lost mutation: You have supernaturally acute eyesight. (SInv) [potion of mutation]
 28306 | Temple   | Lost mutation: You occasionally shout uncontrollably at your foes. [potion of mutation]
 28306 | Temple   | Gained mutation: You have supernaturally acute eyesight. (SInv) [potion of mutation]
 28306 | Temple   | Gained mutation: Your mind is acute. (Int +2) [potion of mutation]
 28307 | Temple   | Lost mutation: Your mind is acute. (Int +2) [potion of mutation]
 28307 | Temple   | Lost mutation: You are agile. (Dex +2) [potion of mutation]
 28314 | Temple   | XOM: cloud trail
 29651 | Temple   | XOM: give mutations
 29651 | Temple   | Gained mutation: You possess an exceptional clarity of mind. [Xom's mischief]
 29651 | Temple   | Lost mutation: You have a pair of small antennae on your head. [Xom's mischief]
 29651 | Temple   | Lost mutation: You are resistant to hostile enchantments. (MR+) [Xom's mischief]
 29651 | Temple   | Lost mutation: Your body sometimes deteriorates upon taking damage. [Xom's mischief]
 30932 | Temple   | XOM: give mutation
 30932 | Temple   | Gained mutation: One of your tentacles bears a spike. [Xom's grace]
 32184 | Temple   | XOM: harmless Divn miscast
 32740 | Temple   | XOM: give mutations
 32740 | Temple   | Lost mutation: You have supernaturally acute eyesight. (SInv) [Xom's mischief]
 32740 | Temple   | Gained mutation: Scrolls take you a little longer to read. [Xom's mischief]
 32740 | Temple   | Gained mutation: You are clumsy. (Dex -2) [Xom's mischief]
 32969 | Temple   | XOM: give mutations
 32969 | Temple   | Gained mutation: Your system is resistant to poisons. (rPois) [Xom's grace]
 32969 | Temple   | Gained mutation: You are resistant to hostile enchantments. (MR+) [Xom's grace]
 33667 | Temple   | XOM: noise
 33774 | Temple   | XOM: give mutations
 33774 | Temple   | Lost mutation: Scrolls take you a little longer to read. [Xom's grace]
 33774 | Temple   | Gained mutation: You have supernaturally acute eyesight. (SInv) [Xom's grace]
 33774 | Temple   | Gained mutation: You passively map a small area around you. [Xom's grace]
 33774 | Temple   | Gained mutation: One of your tentacles bears a nasty spike. [Xom's grace]
 33774 | Temple   | Gained mutation: You are somewhat resistant to further mutation. [Xom's grace]
 33836 | Temple   | XOM: god gift: dagger {god gift}
 34210 | Temple   | XOM is BORED!
 34210 | Temple   | XOM: summons 4 hostile demons
 34624 | Temple   | XOM: divination: magic mapping
 34654 | Temple   | XOM: give mutations
 34654 | Temple   | Gained mutation: You have an increased reservoir of magic. (+10% MP) [Xom's grace]
 34654 | Temple   | Gained mutation: Your mind is acute. (Int +2) [Xom's grace]
 34654 | Temple   | Gained mutation: You can translocate small distances at will. [Xom's grace]
 34654 | Temple   | Gained mutation: One of your tentacles bears a large vicious spike. [Xom's grace]
 34896 | Temple   | XOM: cast spell 'Statue Form'
 35365 | Temple   | XOM: give mutations
 35365 | Temple   | Lost mutation: Your flesh is cold resistant. (rC+) [Xom's mischief]
 35365 | Temple   | Lost mutation: You are robust. (+10% HP) [Xom's mischief]
 35365 | Temple   | Lost mutation: Your muscles are strong. (Str +2) [Xom's mischief]
 35365 | Temple   | Lost mutation: One of your tentacles bears a large vicious spike. [Xom's mischief]
 35847 | Temple   | XOM: give mutations
 35847 | Temple   | Gained mutation: You are surrounded by a mild repulsion field. (EV +2) [Xom's grace]
 35847 | Temple   | Gained mutation: You are robust. (+10% HP) [Xom's grace]
 36842 | Temple   | XOM: harmless Conj miscast
 37101 | Temple   | XOM: harmless Tloc miscast
 37557 | Temple   | XOM: mild Erth miscast
 39696 | Temple   | XOM: 3-stop teleportation journey
 40125 | Temple   | XOM: cloud trail
 41007 | Temple   | XOM is BORED!
 41007 | Temple   | XOM: summons 4 hostile demons
 41366 | Temple   | XOM: give mutations
 41366 | Temple   | Gained mutation: One of your tentacles bears a large vicious spike. [Xom's grace]
 41366 | Temple   | Gained mutation: Your flesh is heat resistant. (rF+) [Xom's grace]
 42218 | D:7      | XOM: give mutations
 42218 | D:7      | Lost mutation: You possess an exceptional clarity of mind. [Xom's mischief]
 42218 | D:7      | Lost mutation: You are somewhat resistant to further mutation. [Xom's mischief]
 42218 | D:7      | Lost mutation: One of your tentacles bears a large vicious spike. [Xom's mischief]
 42218 | D:7      | Lost mutation: Your system is resistant to poisons. (rPois) [Xom's mischief]
 42329 | D:7      | XOM: confusion
 42330 | D:7      | XOM: smoke on damage
 42530 | D:7      | XOM: noise
 42571 | D:7      | XOM: polymorph jelly -> scorpion
 42582 | D:7      | Reached XP level 10. HP: 45/75 MP: 8/11
 43016 | D:7      | XOM: stat loss: -1 Str (10/12)
 43420 | D:8      | Noticed Maurice
 43421 | D:8      | XOM: polymorph orc warrior -> big kobold
 43435 | D:8      | XOM: mild Fire miscast
 43439 | D:8      | Killed Maurice
 43560 | D:8      | Found a staircase to the Lair.
 43673 | D:8      | XOM: silly message
 43882 | D:8      | Found a sparkling altar of Nemelex Xobeh.
 44114 | D:8      | XOM: noise
 45256 | Temple   | XOM: cloud trail
 45914 | Temple   | XOM: summons 5 hostile demons
 45920 | Temple   | XOM: smoke on damage
 46752 | Temple   | XOM: mild Summ miscast
 46761 | Temple   | XOM: give mutations
 46761 | Temple   | Lost mutation: Your mind is acute. (Int +2) [Xom's mischief]
 46761 | Temple   | Lost mutation: One of your tentacles bears a nasty spike. [Xom's mischief]
 46761 | Temple   | Lost mutation: One of your tentacles bears a spike. [Xom's mischief]
 46761 | Temple   | Lost mutation: You have supernaturally acute eyesight. (SInv) [Xom's mischief]
 46779 | Temple   | XOM: give mutations
 46779 | Temple   | Lost mutation: You have an increased reservoir of magic. (+10% MP) [Xom's mischief]
 46779 | Temple   | Lost mutation: You are robust. (+10% HP) [Xom's mischief]
 46779 | Temple   | Lost mutation: You are clumsy. (Dex -2) [Xom's mischief]
 46779 | Temple   | Gained mutation: You are dopey. (Int -2) [Xom's mischief]
 47090 | Temple   | XOM: mild Divn miscast
 47131 | Temple   | XOM: medium Pois miscast
 47181 | Temple   | XOM: noise
 47671 | Temple   | XOM: divination: magic mapping
 48795 | Temple   | XOM: harmless Divn miscast
 49141 | Temple   | XOM: mild Summ miscast
 49759 | Temple   | XOM is BORED!
 49759 | Temple   | XOM: give mutations
 49759 | Temple   | Lost mutation: Your flesh is heat resistant. (rF+) [Xom's mischief]
 49759 | Temple   | Gained mutation: You are frail. (-10% HP) [Xom's mischief]
 49968 | Temple   | XOM: mild Divn miscast
 50714 | Temple   | XOM: summons 2 hostile demons
 51229 | Temple   | XOM: stat loss: -1 Int (10/13)
 51567 | Temple   | XOM: harmless Conj miscast
 51772 | D:9      | XOM: potion effect (might)
 51888 | D:9      | XOM: silly message
 52019 | D:9      | XOM: divination: detect items
 52032 | D:9      | XOM: potion effect (experience)
 52032 | D:9      | Reached skill level 10 in Maces & Flails
 52032 | D:9      | Reached XP level 11. HP: 66/68 MP: 11/11
 52095 | D:9      | Found a glowing golden altar of the Shining One.
 52165 | D:9      | XOM: cloud trail
 52203 | D:9      | Gained mutation: You are agile. (Dex +2) [mutagenic meat]
 52204 | D:9      | Gained mutation: Your body sometimes deteriorates upon taking damage. [mutagenic meat]
 52326 | D:9      | XOM: god gift: 10 royal jellies
 52686 | D:9      | XOM: cast spell 'Statue Form'
 52695 | D:10     | Entered Level 10 of the Dungeon
 52695 | D:10     | Noticed Harold
 52698 | D:10     | XOM: divination: detect creatures
 52704 | D:10     | Killed Harold
 52873 | D:10     | Found Raotod's Antique Weapon Emporium.
 53100 | D:10     | XOM: divination: detect items
 53330 | D:11     | Noticed a purple ugly thing
 53337 | D:11     | XOM: summons 5 friendly demons
 53343 | D:11     | Killed a purple ugly thing
 53343 | D:11     | Reached skill level 10 in Shields
 53360 | D:11     | Lost mutation: Your body sometimes deteriorates upon taking damage. [mutagenic meat]
 53362 | D:11     | Noticed a white ugly thing
 53368 | D:11     | HP: 2/69 [white ugly thing (48)]
 53369 | D:11     | Xom revived you
 53372 | D:11     | Found a staircase to the Orcish Mines.
 53372 | D:11     | XOM: 5-stop teleportation journey
 53376 | D:11     | Slain by a white ugly thing

Skill      XL: |  1  2  3  4  5  6  7  8  9 10 11 |
---------------+----------------------------------+-----
Unarmed Combat | 4 5 |  5.4
Maces & Flails | 1 2 3 4 10 | 10.6
Shields        | 1 2 4 5 8 9 10 | 10.0
Dodging        | 3 4 5 6 7 8 |  8.0
Fighting       | 4 5 6 7 |  7.9

Action                   |  1- 3 |  4- 6 |  7- 9 | 10-12 || total
-------------------------+-------+-------+-------+-------++-------
Melee: Unarmed           |    47 |   170 |   426 |   297 ||   940
       Constrict         |    14 |    63 |    86 |    51 ||   214
       Tentacles         |     5 |    43 |    94 |    72 ||   214
       Kick              |       |    22 |     9 |    70 ||   101
       Club              |       |    61 |       |       ||    61
       Punch             |       |     9 |    14 |    22 ||    45
       Dagger            |       |       |    10 |       ||    10
Evoke: Wand              |       |       |     3 |     4 ||     7
       Fan of gales      |       |       |     1 |       ||     1
       Phial of floods   |       |       |     1 |       ||     1
  Use: Potion            |     6 |     3 |    14 |     3 ||    26
       Scroll            |       |     2 |     3 |       ||     5
 Stab: Sleeping          |     2 |     9 |     2 |     6 ||    19
       Invisible         |     1 |       |     2 |       ||     3
       Distracted        |       |       |     2 |       ||     2
       Confused          |       |       |     2 |       ||     2
       Petrified         |       |       |       |     7 ||     7
  Eat: Chunk             |     2 |    32 |    20 |    15 ||    69
       Meat ration       |       |     3 |     6 |       ||     9
       Bread ration      |       |     3 |     2 |       ||     5
       Royal jelly       |       |       |     2 |    10 ||    12
       Beef jerky        |       |       |     2 |       ||     2
       Pizza             |       |       |       |     1 ||     1
Armor: Skin              |     6 |    12 |     4 |     9 ||    31
Dodge: Dodged            |    18 |   106 |   175 |   213 ||   512
Block: Buckler           |     4 |    67 |   137 |   134 ||   342
